cohdb
Replays
Latest Replays
All Replays
Popular Replays
Top Player Replays
Match Explorer
How It Works
Community
CoH3 Stats
Reddit
Sign in to upload your games and track your stats! →
Sign in with Steam
Match 40814773
Unlisted
Match 40814773
Overview
Messages
Build Orders
End
Kettenkrad Recon Vehicle
Construct Infanterie Kompanie
Selects Terror Battlegroup
Selects Machine Gun Camouflage
MG 42 Machine Gun Team
MG 42 Machine Gun Team
Grenadier Squad
Construct Panzergrenadier Kompanie
251 Medium Carrier
Panzergrenadier Squad
Selects Interrogate
Pak 40 Anti-tank Gun Team
Support Elements
Nebelwerfer 42 Rocket Launcher Team
Selects Propaganda Leaflet Drop
Propaganda Leaflet Drop
StuG III G Assault Gun
MG 42 Machine Gun Team
Nebelwerfer 42 Rocket Launcher Team
251 Medium Carrier
StuG III G Assault Gun
Selects V1 Rocket Strike
V1 Rocket Strike
StuG III G Assault Gun
Nebelwerfer 42 Rocket Launcher Team
StuG III G Assault Gun
251 Medium Carrier
Selects Defend the Fatherland
Propaganda Leaflet Drop
Nebelwerfer 42 Rocket Launcher Team
Pioneer Squad
Pioneer Squad
MG 42 Machine Gun Team
MG 42 Machine Gun Team
StuG III G Assault Gun
MG 42 Bunker
Selects King Tiger Heavy Tank
King Tiger Heavy Tank
Pioneer Squad
V1 Rocket Strike
King Tiger Heavy Tank
Pioneer Squad
V1 Rocket Strike
251 Medium Carrier
Pioneer Squad
MG 42 Machine Gun Team
The sexy Ginger
Herr Heinler
Eplestilk
Kalof
カルト_くん
STALKER4732
ezh
狗可爱哈
0
0
Comments
sign in to comment!
No comments posted yet!